SAAA
JERSEY CITY SUN CAPS @ SCRANTON SUPERNOVAS
06/15/2019
 
TOP OF THE 1ST
Jersey City Sun Caps batting - Pitching for Scranton Supernovas : LHP Felipe Gutiérrez
Pitching: LHP Felipe Gutiérrez
Batting: LHB Munemori Ohara 0-0: Ball
1-0: Fly out, F4 (Popup, 4D)
Batting: RHB Ken Miller 0-0: Ball
1-0: Ball
2-0: Ball
3-0: Swinging Strike
3-1: Swinging Strike
3-2: Fly out, F9 (Flyball, 89M)
Batting: RHB Cliff May 0-0: Ball
1-0: Ground out 6-3 (Groundball, 6)
Top of the 1st over - 0 run(s), 0 hit(s), 0 error(s), 0 left on base; Jersey City 0 - Scranton 0
BOTTOM OF THE 1ST
Scranton Supernovas batting - Pitching for Jersey City Sun Caps : RHP Jim Unknown
Pitching: RHP Jim Unknown
Batting: RHB Jesús Orozco 0-0: Called Strike
0-1: Ball
1-1: Bunt missed!
1-2: Strikes out looking
Batting: RHB Ryan Simpson 0-0: Ball
1-0: Fly out, F5 (Line Drive, 5)
Batting: LHB Francisco Ortega 0-0: Ball
1-0: Fly out, F7 (Flyball, 7LM)
Bottom of the 1st over - 0 run(s), 0 hit(s), 0 error(s), 0 left on base; Jersey City 0 - Scranton 0
TOP OF THE 2ND
Jersey City Sun Caps batting - Pitching for Scranton Supernovas : LHP Felipe Gutiérrez
Batting: RHB Oscar Lewis 0-0: Foul Ball, location: 2F
0-1: Ball
1-1: SINGLE (Groundball, 56D)
Batting: LHB Rick Watson 0-0: Swinging Strike
0-1: Foul Ball, location: 2F
0-2: 2-RUN HOME RUN (Flyball, 9D), Distance : 386 ft
Batting: LHB Jim Unknown 0-0: Ball
1-0: Fly out, F6 (Popup, 6)
Batting: RHB Jim Unknown 0-0: Ball
1-0: Ball
2-0: Foul Ball, location: 2F
2-1: Ball
3-1: DOUBLE (Flyball, 78XD)
Batting: LHB Jim Unknown 0-0: Called Strike
0-1: Ball
1-1: Fly out, F8 (Line Drive, 8RXD)
Runner from 2nd tags up, SAFE at 3rd, no throw
Batting: LHB Jim Unknown 0-0: Ball
1-0: Ball
2-0: Ball
3-0: Called Strike
3-1: Base on Balls
Batting: LHB Munemori Ohara 0-0: Ball
1-0: Fly out, F8 (Flyball, 8LM)
Top of the 2nd over - 2 run(s), 3 hit(s), 0 error(s), 2 left on base; Jersey City 2 - Scranton 0
BOTTOM OF THE 2ND
Scranton Supernovas batting - Pitching for Jersey City Sun Caps : RHP Jim Unknown
Batting: RHB Joe Smith 0-0: Called Strike
0-1: Ball
1-1: Foul Ball, location: 2F
1-2: Fly out, F9 (Line Drive, 9S)
Batting: RHB Jerome Wilson 0-0: Called Strike
0-1: Foul Ball, location: 2F
0-2: Ball
1-2: Foul Ball, location: 2F
1-2: Ball
2-2: SOLO HOME RUN (Flyball, 7LD), Distance : 365 ft
Batting: RHB Matt Brown 0-0: Swinging Strike
0-1: SINGLE (Groundball, 4MD)
Batting: RHB Jesús Rodríguez 0-0: Ball
1-0: Ball
2-0: Ball
3-0: Called Strike
3-1: Fielders Choice at 2nd, 5-4 (Groundball, 56)
Batting: RHB Thomas Campbell 0-0: Ball
1-0: Called Strike
1-1: Ball
2-1: SINGLE (Line Drive, 4D)
Jesús Rodríguez to second
Batting: RHB Pedro Robles 0-0: Ball
1-0: Called Strike
1-1: Swinging Strike
1-2: Foul Ball, location: 2F
1-2: SINGLE (Flyball, 8RS)
Jesús Rodríguez to third
Thomas Campbell to second
Runner from 3rd tries for Home, SAFE, throw made at trailing runner, SAFE at third!
Batting: RHB Jesús Orozco 0-0: Fly out, F7 (Flyball, 7LD)
Bottom of the 2nd over - 2 run(s), 4 hit(s), 0 error(s), 2 left on base; Jersey City 2 - Scranton 2
TOP OF THE 3RD
Jersey City Sun Caps batting - Pitching for Scranton Supernovas : LHP Felipe Gutiérrez
Batting: RHB Ken Miller 0-0: Ball
1-0: Called Strike
1-1: Ball
2-1: Ball
3-1: Called Strike
3-2: Base on Balls
Batting: RHB Cliff May 0-0: Called Strike
0-1: Foul Ball, location: 2F
0-2: Ball
1-2: Ball
2-2: Ball
3-2: Base on Balls
Ken Miller to second
Batting: RHB Oscar Lewis 0-0: Swinging Strike
0-1: Ball
1-1: Foul Ball, location: 2F
1-2: Ball
2-2: Ball
3-2: Foul Ball, location: 2F
3-2: Foul Ball, location: 2F
3-2: Foul Ball, location: 2F
3-2: Fly out, F8 (Flyball, 8RS)
Batting: LHB Rick Watson 0-0: Fly out, F8 (Flyball, 8LM)
Batting: LHB Jim Unknown 0-0: Foul Ball, location: 2F
0-1: Ball
1-1: Ball
2-1: TRIPLE (Flyball, 89D)
Ken Miller scores
Cliff May scores
Batting: RHB Jim Unknown 0-0: Ball
1-0: Ball
2-0: Swinging Strike
2-1: Ball
3-1: Base on Balls
Batting: LHB Jim Unknown 0-0: Ball
1-0: Foul Ball, location: 2F
1-1: Foul Ball, location: 2F
1-2: Reached on error, E1 (Groundball, 23)
Jim Unknown scores
Jim Unknown to second
Batting: LHB Jim Unknown 0-0: Ball
1-0: Called Strike
1-1: Ball
2-1: Ball
3-1: Fielders Choice at 2nd, U6 (Groundball, 6M)
Top of the 3rd over - 3 run(s), 1 hit(s), 1 error(s), 2 left on base; Jersey City 5 - Scranton 2
BOTTOM OF THE 3RD
Scranton Supernovas batting - Pitching for Jersey City Sun Caps : RHP Jim Unknown
Batting: RHB Ryan Simpson 0-0: Foul Ball, location: 2F
0-1: Ball
1-1: Ground out 2-3 (Groundball, 2R)
Batting: LHB Francisco Ortega 0-0: Ball
1-0: Called Strike
1-1: SOLO HOME RUN (Line Drive, 89XD), Distance : 428 ft
Batting: RHB Joe Smith 0-0: Swinging Strike
0-1: Ball
1-1: Ball
2-1: Foul Ball, location: 2F
2-2: Ball
3-2: Strikes out looking
Batting: RHB Jerome Wilson 0-0: Called Strike
0-1: Foul Ball, location: 2F
0-2: Foul Ball, location: 2F
0-2: Strikes out swinging
Bottom of the 3rd over - 1 run(s), 1 hit(s), 0 error(s), 0 left on base; Jersey City 5 - Scranton 3
TOP OF THE 4TH
Jersey City Sun Caps batting - Pitching for Scranton Supernovas : LHP Felipe Gutiérrez
Batting: LHB Munemori Ohara 0-0: SINGLE (Line Drive, 4M)
Batting: RHB Ken Miller 0-0: Ball
1-0: Ball
2-0: Called Strike
2-1: Fielders Choice at 2nd, 1-6 (Groundball, 25)
Batting: RHB Cliff May 0-0: Ball
1-0: Foul Ball, location: 2F
1-1: Ball
2-1: Called Strike
2-2: Ball
3-2: Foul Ball, location: 2F
3-2: Fielders Choice at 2nd, 6-4 (Groundball, 6M)
Batting: RHB Oscar Lewis 0-0: Ball
1-0: Fielders Choice at 2nd, 6-4 (Groundball, 6)
Top of the 4th over - 0 run(s), 1 hit(s), 0 error(s), 0 left on base; Jersey City 5 - Scranton 3
BOTTOM OF THE 4TH
Scranton Supernovas batting - Pitching for Jersey City Sun Caps : RHP Jim Unknown
Batting: RHB Matt Brown 0-0: Called Strike
0-1: Ball
1-1: Foul Ball, location: 2F
1-2: Foul Ball, location: 2F
1-2: Foul Ball, location: 2F
1-2: Ball
2-2: Ball
3-2: Foul Ball, location: 2F
3-2: SINGLE (Groundball, 34D)
Batting: RHB Jesús Rodríguez 0-0: Called Strike
Matt Brown steals 2nd base
0-1: Foul Ball, location: 2F
0-2: Foul Ball, location: 2F
0-2: Ball
1-2: Foul Ball, location: 2F
1-2: Ball
2-2: Ground out 1-3 (Groundball, 15)
Batting: RHB Thomas Campbell 0-0: Called Strike
0-1: Ball
1-1: Ball
2-1: Ground out 6-3 (Groundball, 6)
Batting: RHB Pedro Robles 0-0: Ball
1-0: Called Strike
1-1: SINGLE (Groundball, 5D)
Matt Brown to third
Runner from 3rd tries for Home, SAFE, no throw or cutoff
Batting: RHB Jesús Orozco 0-0: Called Strike
0-1: Foul Ball, location: 2F
0-2: Ball
1-2: Foul Ball, location: 2F
1-2: Ground out 6-3 (Groundball, 56)
Bottom of the 4th over - 1 run(s), 2 hit(s), 0 error(s), 1 left on base; Jersey City 5 - Scranton 4
TOP OF THE 5TH
Jersey City Sun Caps batting - Pitching for Scranton Supernovas : LHP Felipe Gutiérrez
Batting: LHB Rick Watson 0-0: Ball
1-0: Foul Ball, location: 2F
1-1: Swinging Strike
1-2: Foul Ball, location: 2F
1-2: Ball
2-2: Fly out, F8 (Flyball, 8RM)
Batting: LHB Jim Unknown 0-0: Called Strike
0-1: Ball
1-1: Foul Ball, location: 2F
1-2: Ball
2-2: Strikes out swinging
Batting: RHB Jim Unknown 0-0: Called Strike
0-1: Ball
1-1: Ball
2-1: Ball
3-1: Ground out 1-3 (Groundball, 15)
Top of the 5th over - 0 run(s), 0 hit(s), 0 error(s), 0 left on base; Jersey City 5 - Scranton 4
BOTTOM OF THE 5TH
Scranton Supernovas batting - Pitching for Jersey City Sun Caps : RHP Jim Unknown
Batting: RHB Ryan Simpson 0-0: Called Strike
0-1: Called Strike
0-2: Strikes out swinging
Batting: LHB Francisco Ortega 0-0: Ball
1-0: Foul Ball, location: 2F
1-1: Called Strike
1-2: Foul Ball, location: 2F
1-2: Ball
2-2: Ball
3-2: Foul Ball, location: 2F
3-2: Fly out, F5 (Popup, 5SF)
Batting: RHB Joe Smith 0-0: Ball
1-0: Called Strike
1-1: Foul Ball, location: 2F
1-2: Fly out, F4 (Popup, 4MD)
Bottom of the 5th over - 0 run(s), 0 hit(s), 0 error(s), 0 left on base; Jersey City 5 - Scranton 4
TOP OF THE 6TH
Jersey City Sun Caps batting - Pitching for Scranton Supernovas : LHP Felipe Gutiérrez
Batting: LHB Jim Unknown 0-0: Ball
1-0: Called Strike
1-1: Foul Ball, location: 2F
1-2: Strikes out looking
Batting: LHB Jim Unknown 0-0: Ground out 5-3 (Groundball, 56)
Batting: LHB Munemori Ohara 0-0: Ball
1-0: Ball
2-0: Ball
3-0: Called Strike
3-1: Foul Ball, location: 2F
3-2: Foul Ball, location: 2F
3-2: Strikes out swinging
Top of the 6th over - 0 run(s), 0 hit(s), 0 error(s), 0 left on base; Jersey City 5 - Scranton 4
BOTTOM OF THE 6TH
Scranton Supernovas batting - Pitching for Jersey City Sun Caps : RHP Jim Unknown
Batting: RHB Jerome Wilson 0-0: Ball
1-0: Ball
2-0: Fly out, F8 (Flyball, 8LM)
Batting: RHB Matt Brown 0-0: Ball
1-0: Ball
2-0: Foul Ball, location: 2F
2-1: Ball
3-1: Called Strike
3-2: Foul Ball, location: 2F
3-2: Base on Balls
Pitching: RHP Jim Unknown
Batting: RHB Jesús Rodríguez 0-0: Called Strike
0-1: Ball
1-1: Called Strike
1-2: Strikes out looking
Batting: RHB Thomas Campbell 0-0: Ball
1-0: Ball
2-0: Ball
3-0: Base on Balls
Matt Brown to second
Batting: RHB Pedro Robles 0-0: Ball
1-0: Called Strike
1-1: Foul Ball, location: 2F
1-2: SINGLE (Line Drive, 9S)
Matt Brown to third
Thomas Campbell to second
Runner from 3rd tries for Home, SAFE, no throw or cutoff
Batting: RHB Jesús Orozco 0-0: Ball
1-0: Foul Ball, location: 2F
1-1: Swinging Strike
1-2: Foul Ball, location: 2F
1-2: Ball
2-2: Foul Ball, location: 2F
2-2: Ball
3-2: Base on Balls
Thomas Campbell to third
Pedro Robles to second
Batting: RHB Ryan Simpson 0-0: Ball
1-0: Fly out, F9 (Flyball, 89D)
Bottom of the 6th over - 1 run(s), 1 hit(s), 0 error(s), 3 left on base; Jersey City 5 - Scranton 5
TOP OF THE 7TH
Jersey City Sun Caps batting - Pitching for Scranton Supernovas : LHP Felipe Gutiérrez
Batting: RHB Ken Miller 0-0: Ball
1-0: Ball
2-0: Ball
3-0: Base on Balls
Pitching: RHP Tony Newell
Pinch Hitting: LHB Jim Unknown 0-0: Called Strike
0-1: Foul Ball, location: 2F
0-2: Ball
1-2: Ball
2-2: SINGLE (Line Drive, 89S)
Ken Miller to second
Batting: RHB Oscar Lewis 0-0: Foul Ball, location: 2F
0-1: Swinging Strike
0-2: Ball
1-2: Ball
2-2: SINGLE (Groundball, 56)
Ken Miller to third
Jim Unknown to second
Batting: LHB Rick Watson 0-0: Called Strike
0-1: Ball
1-1: Fly out, F6 (Line Drive, 6M)
Batting: LHB Jim Unknown 0-0: Called Strike
0-1: Ball
Wild Pitch!
Ken Miller scores
Jim Unknown to third
Oscar Lewis to second
1-1: Called Strike
1-2: SINGLE (Groundball, 34D)
Jim Unknown scores
Oscar Lewis to third
Runner from 3rd tries for Home, SAFE, no throw or cutoff
Batting: RHB Jim Unknown 0-0: Called Strike
0-1: Ball
1-1: Ball
2-1: Swinging Strike
2-2: Ball
3-2: Foul Ball, location: 2F
3-2: Base on Balls
Jim Unknown to second
Batting: LHB Jim Unknown 0-0: Ball
1-0: SINGLE (Groundball, 4MD)
Jim Unknown to third
Jim Unknown to second
Runner from 3rd tries for Home, SAFE, throw made home
Pitching: LHP Lee Reynolds
Batting: LHB Jim Unknown 0-0: Called Strike
0-1: Called Strike
0-2: Hit by Pitch
Jim Unknown to third
Jim Unknown to second
Batting: LHB Munemori Ohara 0-0: Swinging Strike
0-1: SINGLE (Groundball, 4M) (infield hit)
Jim Unknown scores
Jim Unknown to third
Jim Unknown to second
Batting: RHB Ken Miller 0-0: Ball
1-0: Ball
2-0: Ball
3-0: Base on Balls
Jim Unknown scores
Jim Unknown to third
Munemori Ohara to second
Batting: LHB Jim Unknown 0-0: Ball
1-0: Ball
2-0: Fly out, F8 (Flyball, 8RD)
Runner from 3rd tags up, SCORES, no throw
Munemori Ohara to third
Batting: RHB Oscar Lewis 0-0: Ball
1-0: Foul Ball, location: 2F
1-1: Called Strike
1-2: Foul Ball, location: 2F
1-2: Fly out, F7 (Line Drive, 7M)
Top of the 7th over - 7 run(s), 5 hit(s), 0 error(s), 2 left on base; Jersey City 12 - Scranton 5
BOTTOM OF THE 7TH
Scranton Supernovas batting - Pitching for Jersey City Sun Caps : RHP Jim Unknown
Now at 2B: Jim Unknown
Batting: LHB Francisco Ortega 0-0: Called Strike
0-1: Foul Ball, location: 2F
0-2: Strikes out looking
Batting: RHB Joe Smith 0-0: Swinging Strike
0-1: Foul Ball, location: 2F
0-2: Ball
1-2: Ball
2-2: Ball
3-2: Strikes out swinging
Batting: RHB Jerome Wilson 0-0: Called Strike
0-1: Foul Ball, location: 2F
0-2: Strikes out swinging
Bottom of the 7th over - 0 run(s), 0 hit(s), 0 error(s), 0 left on base; Jersey City 12 - Scranton 5
TOP OF THE 8TH
Jersey City Sun Caps batting - Pitching for Scranton Supernovas : LHP Lee Reynolds
Batting: LHB Rick Watson 0-0: Ball
1-0: Called Strike
1-1: Foul Ball, location: 2F
1-2: Strikes out swinging
Batting: LHB Jim Unknown 0-0: Called Strike
0-1: Fly out, F7 (Flyball, 78M)
Batting: RHB Jim Unknown 0-0: Called Strike
0-1: Ball
1-1: Foul Ball, location: 2F
1-2: SINGLE (Line Drive, 4M)
Batting: LHB Jim Unknown 0-0: Ball
1-0: Called Strike
1-1: Called Strike
1-2: SINGLE (Groundball, 56) (infield hit)
Jim Unknown to second
Batting: LHB Jim Unknown 0-0: Called Strike
0-1: Ground out 6-3 (Groundball, 6)
Top of the 8th over - 0 run(s), 2 hit(s), 0 error(s), 2 left on base; Jersey City 12 - Scranton 5
BOTTOM OF THE 8TH
Scranton Supernovas batting - Pitching for Jersey City Sun Caps : RHP Jim Unknown
Batting: RHB Matt Brown 0-0: Ball
1-0: Ball
2-0: Foul Ball, location: 2F
2-1: Ball
3-1: Base on Balls
Batting: RHB Jesús Rodríguez 0-0: Ball
1-0: Fly out, F9 (Line Drive, 9M)
Pitching: RHP Jim Unknown
Batting: RHB Thomas Campbell 0-0: Swinging Strike
0-1: Ball
1-1: Ball
2-1: Foul Ball, location: 2F
2-2: Fly out, F9 (Flyball, 89M)
Batting: RHB Pedro Robles 0-0: Ball
1-0: Ball
2-0: Fielders Choice at 2nd, 5-4 (Groundball, 56)
Bottom of the 8th over - 0 run(s), 0 hit(s), 0 error(s), 0 left on base; Jersey City 12 - Scranton 5
TOP OF THE 9TH
Jersey City Sun Caps batting - Pitching for Scranton Supernovas : LHP Lee Reynolds
Batting: LHB Munemori Ohara 0-0: Fly out, F7 (Flyball, 78M)
Batting: RHB Ken Miller 0-0: Called Strike
0-1: Foul Ball, location: 2F
0-2: SOLO HOME RUN (Flyball, 7D), Distance : 409 ft
Batting: RHB Jim Unknown 0-0: Called Strike
0-1: Foul Ball, location: 2F
0-2: Strikes out swinging
Batting: RHB Oscar Lewis 0-0: Called Strike
0-1: Called Strike
0-2: Strikes out swinging
Top of the 9th over - 1 run(s), 1 hit(s), 0 error(s), 0 left on base; Jersey City 13 - Scranton 5
BOTTOM OF THE 9TH
Scranton Supernovas batting - Pitching for Jersey City Sun Caps : RHP Jim Unknown
Batting: RHB Jesús Orozco 0-0: Bunt for hit - play at first, batter OUT! 1-4
Batting: RHB Ryan Simpson 0-0: Fly out, F7 (Line Drive, 7M)
Batting: LHB Francisco Ortega 0-0: Ball
1-0: Swinging Strike
1-1: Ball
2-1: Ball
3-1: Called Strike
3-2: Ground out 6-3 (Groundball, 6)
Bottom of the 9th over - 0 run(s), 0 hit(s), 0 error(s), 0 left on base; Jersey City 13 - Scranton 5
This league is powered by Out of the Park Baseball, the baseball management simulation game for PC, Mac and Linux
Saturday, July 25th, 2015 - OOTP Baseball 15.6 Build 34